 Dungeon Crawl Stone Soup version 0.27-a0-562-g0d39f094a4 (webtiles) character file.

Game seed: 15632068857247120626

4 kae the Ruffian (level 1, 0/18 HPs)
             Began as a Naga Transmuter on Mar 8, 2021.
             Slain by a rat (3 damage)
             ... on level 1 of the Dungeon.
             The game lasted 00:00:20 (557 turns).

kae the Ruffian (Naga Transmuter)                    Turns: 557, Time: 00:00:20

Health: 0/18       AC:  1    Str: 12    XL:     1   Next: 70%
Magic:  2/3        EV:  9    Int: 13    God:
Gold:   26         SH:  0    Dex: 11    Spells: 3/4 levels left

rFire    . . .     SeeInvis +     - Unarmed
rCold    . . .     Faith    .   (no shield)
rNeg     . . .     Spirit   .   a - +0 robe
rPois    +         Reflect  .   (helmet currently unavailable)
rElec    .         Harm     .   (no cloak)
rCorr    .         Rampage  .   (no gloves)
Will     .....                  (no barding)
Stlth    +.........             (no amulet)
HPRegen  0.06/turn              (no ring)
MPRegen  0.08/turn              (no ring)

@: appendages, very slow
A: large, horns 2, see invisible, deformed body, poison resistance, slowness 2,
spit poison 1, naga tail 1, AC +0
a: Spit Poison, End Transformation


You were on level 1 of the Dungeon.
You had grown temporary horns.
You visited 1 branch of the dungeon, and saw 1 of its levels.

You collected 26 gold pieces.

Inventory:

Armour
 a - a +0 robe (worn)
Scrolls
 b - 2 scrolls of identify {unknown}
 c - a scroll of random uselessness {unknown}
 d - a scroll of teleportation {unknown}


   Skills:
 + Level 1.1 Fighting
 - Level 1.5 Dodging
 * Level 3.1 Unarmed Combat
 + Level 2.0 Spellcasting
 + Level 2.1 Transmutations


You had 3 spell levels left.
You knew the following spells:

 Your Spells              Type           Power      Damage    Failure   Level
a - Beastly Appendage     Tmut           12%        N/A       11%         1

Your spell library contained the following spells:

 Spells                   Type           Power      Damage    Failure   Level
 Wereblood                Tmut           6%         N/A       16%         2
 Spider Form              Tmut/Pois      2%         N/A       45%         3
 Ice Form                 Ice/Tmut       4%         N/A       86%         4
 Blade Hands              Tmut           3%         N/A       96%         5


Dungeon Overview and Level Annotations

Branches:
Dungeon (1/15)

Altars:


Innate Abilities, Weirdness & Mutations

Your serpentine skin is tough. (AC +0)
You have supernaturally acute eyesight. (SInv)
Armour fits poorly on your strangely shaped body.
Your system is resistant to poisons. (rPois)
You cover ground very slowly.
You can spit poison.
You have a snake-like lower body.
You have a pair of horns on your head.


Message History

The bat hits you but does no damage. The bat hits you.
The frilled lizard bites you.
You closely miss the frilled lizard. The bat hits you but does no damage.
You closely miss the frilled lizard. The frilled lizard barely misses you.
You hit the frilled lizard but do no damage.
The rat bites you. The frilled lizard bites you.
You are too injured to fight recklessly!
You are too injured to fight recklessly!
You are too injured to fight recklessly!
You are too injured to fight recklessly!
You are too injured to fight recklessly!
You are too injured to fight recklessly!
You are too injured to fight recklessly!
You hit the frilled lizard. You headbutt the frilled lizard.
You kill the frilled lizard!
The bat hits you. The rat bites you but does no damage.
You closely miss the bat. Your headbutt misses the bat.
Your horns disappear.
The bat hits you but does no damage. x2; The rat barely misses you.
You closely miss the rat. The bat closely misses you. The bat misses you.
The rat bites you.
You barely miss the rat. The bat barely misses you. The rat closely misses you.
You hit the rat.
The rat is heavily wounded.
The bat hits you. The rat bites you.
* * * LOW HITPOINT WARNING * * *
You completely miss the rat.
The rat is heavily wounded.
The rat closely misses you. The bat completely misses you.
Casting: Beastly Appendage (safe; 11% risk of failure)
Confirm with . or Enter, or press ? or * to list all spells.
You grow a pair of large bovine horns.
The bat hits you but does no damage. The rat closely misses you.
The rat bites you.
* * * LOW HITPOINT WARNING * * *
The bat barely misses you.
You barely miss the rat. Your headbutt misses the rat.
The rat is heavily wounded.
The bat hits you but does no damage. The rat bites you.
You die...

.........#
....#
......?..#
....#
.....(...#
....#
.........#
....# .......#
....# ..b..
....## #.r#
.....# #.@##
.....#
####..###
.....#
#.......#####
.....#
#.###>......#
.....# #.#
#...###.#
.....# #.#
#.### .....#
#.# #.#
.....####
#.###.#####.#
.....'..#
##...........#


You could see a bat and a rat.

Vanquished Creatures
  A bat (D:1)
  3 frilled lizards (D:1)
  3 rats (D:1)
7 creatures vanquished.

Notes
Turn   | Place    | Note
-------+----------+-------------------------------------------
     0 | D:1      | kae the Naga Transmuter began the quest for the Orb.
     0 | D:1      | Reached XP level 1. HP: 18/18 MP: 3/3
   557 | D:1      | Slain by a rat

Illustrated notes

Levels and vault maps discovered:
D:1:      ebering_hopf_link, layout_basic, chequers_serial_rivers_micro_d

Action                   || total
-------------------------++-------
Melee: Unarmed           ||    30
       Headbutt          ||     3
 Cast: Beastly Appendage ||     5
 Abil: Spit Poison       ||     1
Armor: Robe              ||    11
Dodge: Dodged            ||    22

Table legend: (Time is in decaauts)
 A = Elapsed time spent in this place.
 B = Non-inter-level travel time spent in this place.
 C = Inter-level travel time spent in this place.
 D = Time resting spent in this place.
 E = Time spent auto-exploring this place.
 F = Levels seen in this place.
 G = Mean time per level.
                   A        B        C        D        E       F      G
               +--------+--------+--------+--------+--------+-----+--------+
         Total |    634 |    634 |      0 |      2 |    569 |   1 |  634.0 |
       Dungeon |    634 |    634 |      0 |      2 |    569 |   1 |  634.0 |
               +--------+--------+--------+--------+--------+-----+--------+

Top non-repeatable levels by time:
     D:1: 634 daAuts
